AoeStats
← Dieguin

Arabia

503183448Analyzed
1v1 RM · 1mo ago on Aug 30, 2026· 30m 52s· 2 players
Game mode
Random Map
Map size
Tiny (2 player)
Population
200
Speed
Normal
Resources
Standard
Victory
Conquest
Starting age
Dark Age
Ending age
Imperial Age
RankedLock teamsTeams togetherTeam positionsShared explorationLock speedFull tech treeHidden civsTurbo modeCheats
Victory
Defeat
🇲🇽 Vietnamese · Mexico
870
+16
🇨🇴 Cumans · Colombia
879
-16
Althidon
8:34 Loom
10:38 Feudal Age
11:42 Double-Bit Axe
13:59 Stone Mining
14:02 Gold Mining
16:02 Horse Collar
17:31 Fletching
18:52 Padded Archer Armor
23:12 Castle Age
24:34 Stone Mining
24:12 Crossbowman
25:16 Bow Saw
25:27 Thumb Ring
26:23 Bodkin Arrow
28:17 Leather Archer Armor
28:09 Squires
29:43 Ballistics
31:11 Treadmill Crane
Dieguin
7:12 Loom
9:59 Feudal Age
10:59 Double-Bit Axe
20:44 Fletching
25:31 Bloodlines
29:07 Castle Age
29:11 Elite Skirmisher
Connection lost

Rejoining the realm…

Still unreachable

The connection could not be restored.

Session expired

The server has moved on; the page needs a fresh start.